Map: New Repugnancy LE

Players

Neeblet (Neeb)

  • Race: Protoss Protoss
  • League: Grandmaster
  • Spawn Location: 7:00

OGZest (Zest) - Winner!

  • Race: Protoss Protoss
  • Spawn Location: 1:00

Event: 2019 Assembly Summer

VOD

Have the link to the VOD?

Description

Time

  • Played on: Aug. 2, 2019, 10:54 a.m.
  • Length: 7:52

All games in this series

Show
View Real Time Build Order
Export as new Build Order

Neeblet Protoss 

Build Orders:  

Get SALT Encoding   

  12  0:00  Probe  
  13  0:13  Probe  
  14  0:19  Pylon  
  14  0:25  Probe  
  15  0:33  Probe  
  15  0:38  Gateway  
  15  0:41  Probe  
  16  0:46  Assimilator  
  17  0:52  Probe  
  17  0:55  Assimilator  
  18  1:00  Probe  
  18  1:08  Gateway, Probe  
  20  1:18  Probe  
  21  1:27  Cybernetics Core  
  21  1:30  Probe  
  22  1:36  Pylon  
  22  1:42  Probe  
  23  1:54  Probe  
  23  1:57  Warp Gate  
  24  2:03  Sentry, Stalker  
  24  2:07  Probe  
  29  2:21  Pylon  
  29  2:22  Probe  
  30  2:39  Sentry, Stalker  
  34  2:50  Nexus  
  34  3:06  Stalker  
  34  3:07  Shield Battery  
  34  3:10  Stalker  
  38  3:19  Pylon  
  38  3:26  Robotics Facility  
  38  3:35  Shield Battery  
  36  3:48  Sentry, Stalker  
  41  3:57  Pylon  
  40  4:03  Shield Battery  
  40  4:12  Stalker x2  
  40  4:14  Shield Battery  
  44  4:24  Immortal  
  44  4:36  Stalker  
  46  4:38  Stalker  
  46  4:56  Warp Prism  
  46  4:59  Stalker  
  44  5:01  Stalker  
  44  5:13  Shield Battery  
  44  5:19  Shield Battery  
  44  5:21  Sentry  
  44  5:28  Sentry  
  48  5:34  Probe  
  49  5:36  Probe  
  49  5:39  Stalker  
  52  5:46  Probe  
  54  5:50  Probe  
  54  5:58  Stalker  
  54  6:04  Probe  
  55  6:05  Probe  
  55  6:09  Immortal  
  60  6:25  Probe x2  
  62  6:36  Probe x2  
  64  6:44  Forge, Probe x2  
  64  6:46  Pylon  
  64  6:49  Observer  
  64  6:52  Probe x2  
  69  7:03  Pylon x2  
  67  7:18  Stalker  
  65  7:23  Stalker  
  65  7:24  Probe  
  66  7:38  Gateway  
  66  7:41  Gateway  
  63  7:48  Stalker  
Show
View Real Time Build Order
Export as new Build Order

OGZest Protoss - Winner!

Build Orders:  

Get SALT Encoding   

  12  0:00  Probe  
  13  0:12  Probe  
  14  0:17  Pylon  
  14  0:24  Probe  
  15  0:32  Probe  
  15  0:37  Gateway  
  15  0:40  Probe  
  16  0:46  Assimilator  
  17  0:51  Probe  
  17  0:55  Assimilator  
  18  1:00  Probe  
  19  1:07  Gateway  
  19  1:08  Probe  
  19  1:18  Probe  
  20  1:24  Cybernetics Core  
  21  1:30  Probe  
  22  1:34  Pylon  
  22  1:42  Probe  
  23  1:50  Warp Gate  
  23  1:54  Probe  
  23  2:00  Stalker x2  
  28  2:17  Pylon  
  28  2:30  Stalker  
  28  2:35  Stalker, Robotics Facility  
  32  2:44  Gateway  
  32  3:00  Stalker  
  32  3:05  Stalker  
  36  3:08  Pylon  
  36  3:16  Warp Prism  
  36  3:19  Shield Battery  
  38  3:44  Adept x2  
  38  3:46  Adept  
  44  3:52  Pylon  
  44  3:58  Observer  
  45  4:14  Adept x3  
  51  4:35  Sentry x2  
  51  4:38  Pylon  
  55  4:39  Pylon  
  53  4:56  Stalker  
  53  4:59  Stalker  
  55  5:00  Stalker  
  55  5:20  Robotics Bay  
  55  5:22  Adept x2  
  55  5:26  Observer  
  59  5:28  Immortal  
  63  5:57  Disruptor  
  63  6:11  Gateway  
  66  6:30  Adept x2  
  66  6:31  Pylon  
  70  6:33  Pylon  
  70  6:40  Pylon  
  70  6:53  Pylon  
  70  7:00  Adept x3  
  68  7:30  Adept  
  68  7:31  Adept x3  
  62  7:51  Adept x2  
  62  7:52  Adept x2  
Tags
 
Add a new tag
Caveats
  • Supply blocks, unpowered buildings, or Contaminate may cause inaccurate times.
  • Supply counts are checked every 10 seconds.